 Seeded DCSS version 0.28.0-43-g3370ac3207 (webtiles) character file.

Game seed: 13591998346360536447 (custom seed)

47 hikkokomori the Skirmisher (level 3, -6/34 HPs)
             Began as a Hill Orc Fighter on Mar 2, 2022.
             Killed from afar by Natasha (12 damage)
             ... with a puff of flame
             ... on level 2 of the Dungeon.
             The game lasted 00:01:35 (1364 turns).

hikkokomori the Skirmisher (Hill Orc Fighter)       Turns: 1364, Time: 00:01:36

Health: -6/34      AC:  7    Str: 20    XL:     3   Next: 70%
Magic:  3/3        EV:  9    Int:  8    God:
Gold:   60         SH:  4    Dex: 10    Spells: 2/2 levels left

rFire   . . .      SeeInvis .   a - +0 war axe
rCold   . . .      Faith    .   c - +0 buckler
rNeg    . . .      Spirit   .   b - +0 scale mail
rPois   .          Reflect  .   (no helmet)
rElec   .          Harm     .   (no cloak)
rCorr   .          Rampage  .   (no gloves)
Will    .....                   (no boots)
Stlth   ..........              (no amulet)
HPRegen 0.11/turn               (no ring)
MPRegen 0.08/turn               (no ring)

@: slowed, very slow
A: no striking features
a: no special abilities


You were on level 2 of the Dungeon.
You visited 1 branch of the dungeon, and saw 2 of its levels.

You collected 60 gold pieces.

Inventory:

Hand Weapons
 a - a +0 war axe (weapon)
Armour
 b - a +0 scale mail (worn)
 c - a +0 buckler (worn)
Jewellery
 j - a ring of resist corrosion
Scrolls
 e - a scroll of teleportation {unknown}
 g - 3 scrolls of identify {unknown}
 h - 3 scrolls of acquirement {unknown}
 i - a scroll of vulnerability {unknown}
Potions
 d - a potion of might
 f - a potion of haste {unknown}


   Skills:
 + Level 4.3 Fighting
 + Level 3.7 Axes
 + Level 3.9 Armour
 - Level 3.2 Shields


You had 2 spell levels left.
You didn't know any spells.
Your spell library contained the following spells:

 Spells                   Type           Power      Damage    Failure   Level
 Static Discharge         Conj/Air       0%         N/A       94%         2
 Dispel Undead            Necr           0%         3d6       100%        4
 Sticky Flame             Conj/Fire      0%         2d3       100%        4


Dungeon Overview and Level Annotations

Branches:
Dungeon (2/15)

Altars:

Annotations:
D:2 Natasha


Message History

A ball python is nearby!
A ball python is nearby!
You barely miss the ball python. The ball python closely misses you. x2
The ball python bites you but does no damage.
You block the ball python's attack.
You barely miss the ball python.
The ball python bites you but does no damage.
The ball python barely misses you.
You slash the ball python!
You kill the ball python!
A hobgoblin comes into view.
Natasha, Servant of Life and Death comes into view.
She is carrying a wand of flame (21).
Found 15 gold pieces.
Natasha hisses angrily.
The hobgoblin shouts!
Natasha zaps a wand.
The puff of flame hits you.
You barely miss Natasha. Natasha casts a spell at you.
You feel yourself slow down.
You closely miss Natasha.
Natasha zaps a wand.
The puff of flame hits you but does no damage.
Natasha barely misses you.
A kobold comes into view. It is wielding a +0 club.
You closely miss Natasha.
The kobold shouts!
You slash the hobgoblin!
You kill the hobgoblin!
Natasha claws you! You block Natasha's attack.
A hobgoblin comes into view.
The kobold throws a stone.
The stone hits you but does no damage. Natasha casts a spell at you.
You resist with significant effort.
The hobgoblin shouts!
The kobold throws a stone.
The stone hits you but does no damage.
Natasha zaps a wand.
The puff of flame hits you!
Natasha zaps a wand.
The puff of flame hits you!
* * * LOW HITPOINT WARNING * * *
The kobold throws a stone.
The stone hits you but does no damage.
Natasha zaps a wand.
You block the puff of flame.
Natasha zaps a wand.
The puff of flame hits you!
You die...

######.###..##.# #.#
.........#..##.# #.#
..........#..##.# #.#
..###....$#..##.# #†#
......g......##.# #.#
#.#......#..##.# #.#
##.Kh###..##.# #.#
##.......##.# #.#
#....##@..##.# #.#
...#...........######.##
..⌠
#.........=.........# #
.⌠ #.##..<.....#######.#
# . #.#
###...##.#######.### .#
#...##.....[...... #.
##.###########.... #.#
##### ..#


You could see Natasha and a kobold.

Vanquished Creatures
  4 dart slugs
  A bat (D:1)
  3 endoplasms
  A giant cockroach (D:2)
  5 hobgoblins
  5 jackals
  5 kobolds (D:1)
  A quokka (D:2)
  2 ball pythons
  A frilled lizard (D:2)
  A goblin (D:1)
  7 rats
36 creatures vanquished.

Notes
Turn   | Place    | Note
-------+----------+-------------------------------------------
     0 | D:1      | hikkokomori the Hill Orc Fighter began the quest for the
                  | Orb.
     0 | D:1      | Reached XP level 1. HP: 19/19 MP: 1/1
   191 | D:1      | Reached XP level 2. HP: 27/27 MP: 2/2
   322 | D:1      | Reached skill level 4 in Fighting
   539 | D:1      | Reached XP level 3. HP: 33/33 MP: 3/3
  1354 | D:2      | Noticed Natasha
  1364 | D:2      | Killed from afar by Natasha

Illustrated notes

Levels and vault maps discovered:
D:1:      wander_arrival_fairy_ring, layout_basic, chequers_serial_rivers_room_a
D:2:      layout_loops_ring, shapermc_ecumenical_altar_venn, uniq_natasha

Skill      XL: |  1  2 |
---------------+-------+-----
Axes           | 3 |  3.7
Fighting       | 4 |  4.3
Armour         | |  3.9
Shields        | |  3.2

Action                   || total
-------------------------++-------
Melee: War axe           ||   116
Armor: Scale mail        ||    53
Dodge: Dodged            ||    52
Block: Buckler           ||    26
